 Dungeon Crawl Stone Soup version 0.24.1-14-gf8d2b509d9 (webtiles) character file.

Game seed: 9631664447773824743, levelgen mode: deterministic

70 Bowmetheus the Bolt Thrower (level 4, -6/37 HPs)
             Began as a Centaur Hunter on June 18, 2022.
             Killed from afar by Sigmund (9 damage)
             ... with a magic dart
             ... on level 2 of the Dungeon on Apr 16, 2023.
             The game lasted 00:09:17 (1524 turns).

Bowmetheus the Bolt Thrower (Centaur Hunter)        Turns: 1524, Time: 00:09:18

Health: -6/37      AC:  4    Str: 15 (16) XL:     4   Next: 4%
Magic:  4/4        EV: 14    Int:  7 (10) God:
Gold:   72         SH:  0    Dex: 12 (14) Spells: 3/3 levels left

rFire    . . .     SeeInvis .   b - +0 short sword
rCold    . . .     Gourm    .   (no shield)
rNeg     . . .     Faith    .   c - +0 leather armour
rPois    .         Spirit   .   (no helmet)
rElec    .         Reflect  .   (no cloak)
rCorr    .         Harm     .   (no gloves)
MR       .....                  (no barding)
Stlth    +.........             (no amulet)
HPRegen  0.12/turn              Y - +4 ring of slaying
MPRegen  0.09/turn              i - ring of attention (curse)

@: agile, berserk cooldown, flying, slowed
A: large, hooves 3, deformed body, speed 2, tough skin 3
a: no special abilities


You were on level 2 of the Dungeon.
You were not hungry.

You visited 1 branch of the dungeon, and saw 2 of its levels.

You collected 72 gold pieces.

Inventory:

Hand Weapons
 a - a +1 hand crossbow
 b - a +0 short sword (weapon)
 w - a +0 hand axe
Missiles
 e - 2 poisoned darts (quivered)
 j - 17 bolts
 p - 20 stones
Armour
 c - a +0 leather armour (worn)
Jewellery
 i - a cursed ring of attention (right hand)
 Y - a +4 ring of slaying (left hand)
Scrolls
 m - a scroll of enchant armour {unknown}
 o - a scroll of teleportation {unknown}
Potions
 g - a potion of brilliance
 E - a potion of resistance
Comestibles
 d - 7 chunks of flesh
 x - 6 rations


   Skills:
 + Level 2.9 Fighting
 * Level 5.6 Crossbows
 - Level 1.3 Dodging
 - Level 0.4 Stealth


You had 3 spell levels left.
You didn't know any spells.
Your spell library was empty.

Dungeon Overview and Level Annotations

Branches:
Dungeon (2/15)

Altars:

Annotations:
D:2 Sigmund


Innate Abilities, Weirdness & Mutations

You have hooves in place of feet.
Armour fits poorly on your strangely shaped body.
You cover ground very quickly.
You have extremely tough skin. (AC +3)


Message History

Something hits you!
You bump into the rock wall.
Something hits you!
* * * LOW HITPOINT WARNING * * *
Okay, then.
Saving game... please wait.
Level annotation: Sigmund Welcome back, Bowmetheus the Centaur Hunter.
Press ? for a list of commands and other information.
You're too confused!
Saving game... please wait.
Level annotation: Sigmund Welcome back, Bowmetheus the Centaur Hunter.
Press ? for a list of commands and other information.
You bump into the rock wall.
You feel less confused.
You hear some strange, mumbled words.
A magic dart appears from out of thin air!
Deactivating autopickup; reactivate with Ctrl-A.
The magic dart hits you!
You die...

**,,,,,,,,,,,....(.+,~~~~,*,,*
,,,,,,,,,*****.....#,,,,,,*,,*
,**,,,,,,****,,....######**>,*
,***,,,,,,,,,,**...(.(..,,,,**
,,,,,*******#####...(.,,,,,**
*,**** #.......#******* *,***
#.**#...# *,,,* ###.###{..#
***,* #...#.@...# *,*
##.##..#...#
*.######..#..######
*,.......#.[####
######...........#
.....%%..........#
....###..........#
.................#
...####....%.....###########


There were no monsters in sight!

Vanquished Creatures
  3 adders (D:2)
  A dart slug (D:1)
  2 leopard geckos (D:1)
  4 giant cockroaches (D:1)
  6 goblins
  2 hobgoblins (D:1)
  2 jackals (D:1)
  A kobold (D:1)
  6 bats
  5 frilled lizards
  8 rats
40 creatures vanquished.

Notes
Turn   | Place    | Note
-------+----------+-------------------------------------------
     0 | D:1      | Bowmetheus the Centaur Hunter began the quest for the Orb.
     0 | D:1      | Reached XP level 1. HP: 17/17 MP: 1/1
   447 | D:1      | Reached XP level 2. HP: 24/24 MP: 2/2
   645 | D:1      | Reached skill level 5 in Crossbows
   907 | D:1      | Reached XP level 3. HP: 30/30 MP: 3/3
  1435 | D:2      | Reached XP level 4. HP: 37/37 MP: 4/4
  1497 | D:2      | Noticed Sigmund
  1524 | D:2      | Killed from afar by Sigmund

Levels and vault maps discovered:
D:1:      dpeg_arrival_concentric_ovals, layout_basic
D:2:      layout_rooms, dk_vineyard_2, uniq_sigmund

Skill      XL: |  1  2 |
---------------+-------+-----
Crossbows      | 5 |  5.6
Fighting       | |  2.9
Dodging        | |  1.3
Stealth        | |  0.4

Action                   |  1- 3 |  4- 6 || total
-------------------------+-------+-------++-------
Melee: Short sword       |    57 |     7 ||    64
       Kick              |     7 |     1 ||     8
 Fire: Hand crossbow     |    15 |     3 ||    18
Throw: Dart              |    50 |     3 ||    53
  Use: Scroll            |     2 |       ||     2
       Potion            |       |     5 ||     5
  Eat: Chunk             |       |     1 ||     1
Armor: Leather armour    |    22 |     3 ||    25
Dodge: Dodged            |    37 |     5 ||    42
